 Dungeon Crawl Stone Soup version 0.29-a0-380-gf50f0a9fbc (webtiles) character file.

Game seed: 15504203691614759073

100 bastard the Conjurer (level 4, -5/24 HPs)
             Began as a Tengu Air Elementalist on May 6, 2022.
             Slain by a gnoll
             ... wielding a +0 halberd
              (11 damage)
             ... on level 3 of the Dungeon.
             The game lasted 00:05:11 (2707 turns).

bastard the Conjurer (Tengu Air Elementalist)       Turns: 2707, Time: 00:05:11

Health: -5/24      AC:  3    Str:  8    XL:     4   Next: 73%
Magic:  1/8        EV: 12    Int: 18    God:
Gold:   73         SH:  5    Dex: 14    Spells: 4/7 levels left

rFire   . . .      SeeInvis .   m - +3 quarterstaff (chaos)
rCold   . . .      Faith    .   (shield currently unavailable)
rNeg    . . .      Spirit   .   a - +0 robe
rPois   .          Reflect  +   (helmet restricted)
rElec   .          Harm     .   n - +0 cloak
rCorr   .          Rampage  .   (no gloves)
Will    .....                   (boots unavailable)
Stlth   ++........              f - amulet of reflection
HPRegen 0.08/turn               (no ring)
MPRegen 0.11/turn               (no ring)

@: no status effects
A: beak, talons 3
a: no special abilities


You were on level 3 of the Dungeon.
You visited 1 branch of the dungeon, and saw 3 of its levels.

You collected 99 gold pieces.
You spent 26 gold pieces at shops.

Inventory:

Hand Weapons
 m - a +3 quarterstaff of chaos (weapon)
Armour
 a - a +0 robe (worn)
 n - a +0 cloak (worn)
Jewellery
 f - an amulet of reflection (around neck)
Wands
 q - a wand of polymorph (7)
Scrolls
 c - 5 scrolls of identify
 e - a scroll of fog {unknown}
 k - a scroll of vulnerability {unknown}
 p - a scroll of noise {unknown}
Potions
 b - 3 potions of magic
 d - 2 potions of heal wounds {unknown}
 g - 2 potions of cancellation {unknown}
 h - 3 potions of flight {unknown}
 i - a potion of ambrosia {unknown}
 j - a potion of might {unknown}
 l - a potion of curing {unknown}
 o - a potion of lignification {unknown}


   Skills:
 - Level 2.1 Dodging
 - Level 2.0 Stealth
 - Level 2.0 Spellcasting
 + Level 5.6 Conjurations
 + Level 4.2 Air Magic


You had 4 spell levels left.
You knew the following spells:

 Your Spells              Type           Power      Damage    Failure   Level
a - Shock                 Conj/Air       76%        1d7       2%          1
b - Static Discharge      Conj/Air       19%        N/A       3%          2

Your spell library contained the following spells:

 Spells                   Type           Power      Damage    Failure   Level
 Foxfire                  Conj/Fire      48%        2x1d6     5%          1
 Swiftness                Air            17%        N/A       10%         3
 Conjure Flame            Conj/Fire      12%        6-21      17%         3
 Airstrike                Air            8%         N/A       30%         4
 Inner Flame              Hex/Fire       1%         N/A       47%         3
 Flame Wave               Conj/Fire      12%        2d6       50%         4


Dungeon Overview and Level Annotations

Branches:
Dungeon (3/15)

Altars:

Shops:
D:2 *


Innate Abilities, Weirdness & Mutations

You have a beak for a mouth.
You have claws for feet.


Message History

You hear the sound of rushing water.
There is an entrance to a sewer on this level.
Hurry and find it before the portal rusts away!
You hear the rusting of a very distant drain.
You block the goblin's attack. You block the gnoll's attack.
The goblin closely misses you.
There is a stone staircase leading up here.
Casting: Shock (safe; 2% risk of failure)
Confirm with . or Enter, or press ? or * to list all spells.
The goblin is struck by an arc of lightning!
You kill the goblin!
The lightning grounds out.
The gnoll hits you from afar with a +0 halberd!
Ouch! That really hurt!
Casting: Static Discharge (safe; 3% risk of failure)
Confirm with . or Enter, or press ? or * to list all spells.
The gnoll is struck by an arc of lightning.
The gnoll is moderately wounded.
You are struck by an arc of lightning.
The lightning grounds out.
The gnoll barely misses you. The gnoll hits you with a +0 whip.
* * * LOW HITPOINT WARNING * * *
Casting: Static Discharge (safe; 3% risk of failure)
Confirm with . or Enter, or press ? or * to list all spells.
The gnoll is struck by an arc of lightning!
The gnoll is almost dead.
The gnoll is struck by an arc of lightning.
The gnoll is heavily wounded.
The lightning grounds out.
The gnoll misses you. The gnoll closely misses you.
Okay, then.
The gnoll attacks as you move away! The gnoll closely misses you.
Casting: Static Discharge (safe; 3% risk of failure)
Confirm with . or Enter, or press ? or * to list all spells.
The gnoll is struck by an arc of lightning.
You kill the gnoll!
You are struck by an arc of lightning.
* * * LOW HITPOINT WARNING * * *
Unknown command.
Okay, then.
Found 5 gold pieces.
The gnoll hits you from afar with a +0 halberd!
You die...

####..####..g).g###....
#.....g.##.####)##.....
.....##..#.##.#
#.##.##.# ..#
##.....#.# #.#...#.#
...........# #.......#
####.......# ###...###
####.......# #...#
#..........#### #...###
.####@.......###...##.
..# #...##............
....##.g#........)....
#$....g.............
#.##.......###...##.
.......#.##)# #...###
###.##.....<.# #...# #
##.#.#### #...# #.#.#
#...#


You could see 2 gnolls.

Vanquished Creatures
  Crazy Yiuf (D:2)
  2 gnolls (D:3)
  A worm (D:2)
  2 dart slugs (D:1)
  3 endoplasms
  6 hobgoblins
  5 kobolds
  3 quokkas (D:1)
  3 ball pythons
  7 bats
  2 frilled lizards (D:1)
  6 goblins
  4 rats
45 creatures vanquished.

Notes
Turn   | Place    | Note
-------+----------+-------------------------------------------
     0 | D:1      | bastard the Tengu Air Elementalist began the quest for the
                  | Orb.
     0 | D:1      | Reached XP level 1. HP: 10/10 MP: 4/4
    74 | D:1      | Reached skill level 2 in Conjurations
   169 | D:1      | Reached XP level 2. HP: 15/15 MP: 1/6
   186 | D:1      | Learned a level 2 spell: Static Discharge
   257 | D:1      | Reached skill level 3 in Conjurations
   435 | D:1      | Found a faded altar of an unknown god.
   874 | D:1      | Reached XP level 3. HP: 8/19 MP: 4/7
   875 | D:1      | Reached skill level 4 in Conjurations
  2068 | D:2      | Found Ixuasal's General Store.
  2078 | D:2      | Bought a scroll of identify for 26 gold pieces
  2210 | D:2      | Found a runed translucent door.
  2211 | D:2      | Noticed Crazy Yiuf
  2218 | D:2      | Killed Crazy Yiuf
  2219 | D:2      | Reached skill level 5 in Conjurations
  2219 | D:2      | Reached XP level 4. HP: 19/24 MP: 1/8
  2707 | D:3      | Slain by a gnoll

Illustrated notes

Levels and vault maps discovered:
D:1:      nzn_arrival_settlement, layout_basic, ebering_ecumenical_altar_hall,
          chequers_arboretum
D:2:      layout_rooms, serial_shops, nicolae_lakefront_shop,
          uniq_crazy_yiuf_cottage
D:3:      layout_loops_cross, portal_sewer_entry_e, kennysheep_decorative_pillar

Skill      XL: |  1  2  3 |
---------------+----------+-----
Conjurations   | 2 3 5 |  5.6
Dodging        | |  2.1
Stealth        | |  2.0
Spellcasting   | |  2.0
Air Magic      | |  4.2

Action                   |  1- 3 |  4- 6 || total
-------------------------+-------+-------++-------
Melee: Unarmed           |    23 |       ||    23
       Kick              |     9 |     2 ||    11
       Peck              |     5 |     1 ||     6
       Quarterstaff      |       |     6 ||     6
 Cast: Shock             |    58 |     6 ||    64
       Static Discharge  |    11 |     5 ||    16
 Stab: Sleeping          |       |     1 ||     1
Armor: Robe              |     5 |     2 ||     7
Dodge: Dodged            |    21 |    16 ||    37
Block: Other             |     4 |     5 ||     9

Table legend: (Time is in decaauts)
 A = Elapsed time spent in this place.
 B = Non-inter-level travel time spent in this place.
 C = Inter-level travel time spent in this place.
 D = Time resting spent in this place.
 E = Time spent auto-exploring this place.
 F = Levels seen in this place.
 G = Mean time per level.
                   A        B        C        D        E       F      G
               +--------+--------+--------+--------+--------+-----+--------+
         Total |   2708 |   2625 |     83 |      0 |   2325 |   3 |  902.7 |
       Dungeon |   2708 |   2625 |     83 |      0 |   2325 |   3 |  902.7 |
               +--------+--------+--------+--------+--------+-----+--------+

Top non-repeatable levels by time:
     D:1: 1447 daAuts
     D:2: 1022 daAuts
     D:3: 239 daAuts
